 Dungeon Crawl Stone Soup version 0.28.0-1-gb440e238dd (webtiles) character file.

Game seed: 2839249158350567876

1693 spaghetti the Fighter (level 9, -3/94 HPs)
             Began as a Naga Chaos Knight on Feb 20, 2022.
             Was a Plaything of Xom.
             Slain by a vampire (6 damage)
             ... on level 7 of the Dungeon.
             The game lasted 00:08:55 (7417 turns).

spaghetti the Fighter (Naga Chaos Knight)           Turns: 7417, Time: 00:08:55

Health: -3/94      AC:  8    Str: 14 (17) XL:     9   Next: 2%
Magic:  0/9        EV:  9    Int: 23 (26) God:    Xom [....*.]
Gold:   938        SH:  0    Dex: 12 (13) Spells: 4/8 levels left

rFire   . . .      SeeInvis +   j - +3 quarterstaff (chaos)
rCold   . . .      Faith    .   (shield currently unavailable)
rNeg    . . .      Spirit   +   b - +2 leather armour
rPois   +          Reflect  .   (no helmet)
rElec   .          Harm     .   y - +0 cloak
rCorr   .          Rampage  .   n - +0 pair of gloves
Will    +....                   (no barding)
Stlth   +.........              r - amulet of guardian spirit
HPRegen 0.25/turn               k - +6 ring of intelligence
MPRegen 0.11/turn               z - +6 ring of intelligence

@: mighty, about to teleport, very slow
A: AC +3, large, see invisible, deformed body, poison resistance, slowness 2,
spit poison 1, naga tail 1, agile 1, sturdy frame 1
a: Spit Poison, Renounce Religion


You were on level 7 of the Dungeon.
You worshipped Xom.
You were a beloved toy of Xom.
You visited 1 branch of the dungeon, and saw 7 of its levels.

You collected 938 gold pieces.

Inventory:

Hand Weapons
 a - a +0 falchion of chaos
 i - a +2 rapier of draining
 j - a +3 quarterstaff of chaos (weapon)
Missiles
 e - 91 stones
 f - 4 poisoned darts
 q - 6 boomerangs
Armour
 b - a +2 leather armour (worn)
 n - a +0 pair of gloves (worn)
 y - a +0 cloak (worn)
Jewellery
 k - a +6 ring of intelligence (left hand)
 r - an amulet of guardian spirit (around neck)
 z - a +6 ring of intelligence (right hand)
 E - a ring of protection from cold
Wands
 p - a wand of mindburst (26)
Scrolls
 d - 6 scrolls of identify {unknown}
 h - 3 scrolls of magic mapping
 x - 3 scrolls of immolation {unknown}
 A - a scroll of fog
 B - a scroll of fear {unknown}
 D - a scroll of brand weapon {unknown}
Potions
 o - a potion of mutation
 t - a potion of resistance {unknown}
 u - a potion of berserk rage {unknown}
 v - a potion of lignification {unknown}
 w - a potion of attraction {unknown}
 C - a potion of curing {unknown}


   Skills:
 + Level 10.9 Fighting
 - Level 3.0 Long Blades
 - Level 1.5 Armour
 - Level 0.7 Dodging
 + Level 2.4 Summonings
 + Level 2.3 Ice Magic


You had 4 spell levels left.
You knew the following spells:

 Your Spells              Type           Power      Damage    Failure   Level
a - Summon Ice Beast      Ice/Summ       10%        N/A       52%         4

Your spell library contained the following spells:

 Spells                   Type           Power      Damage    Failure   Level
 Freeze                   Ice            40%        1d6       6%          1
 Frozen Ramparts          Ice            20%        1d4       19%         3
 Blink                    Tloc           0%         N/A       24%         2
 Lesser Beckoning         Tloc           0%         N/A       43%         3
 Hailstorm                Conj/Ice       5%         3d4       69%         4
 Ice Form                 Ice/Tmut       5%         N/A       69%         4
 Manifold Assault         Tloc           0%         N/A       99%         5


Dungeon Overview and Level Annotations

Branches:
Dungeon (7/15)
 Temple: D:4-7

Altars:
Elyvilon
Fedhas
Makhleb
Wu Jian
Xom


Innate Abilities, Weirdness & Mutations

Your serpentine skin is tough. (AC +3)
You have supernaturally acute eyesight. (SInv)
Armour fits poorly on your strangely shaped body.
Your system is resistant to poisons. (rPois)
You cover ground very slowly.
You can spit poison.
You have a snake-like lower body.
You are agile. (Dex +2)
Your movements are slightly less encumbered by armour. (ER -2)


Message History

The vampire draws life force from you!
The vampire is healed by the life force!
The vampire hits you.
* * * LOW HITPOINT WARNING * * *
The vampire bites you!
* * * LOW HITPOINT WARNING * * *
The vampire draws strength from your injuries!
Unknown command.
Okay, then.
It was a potion of might.
You feel very mighty all of a sudden.
The vampire hits you but does no damage.
The vampire bites you but does no damage.
Magic courses through your body.
The vampire hits you but does no damage.
The vampire barely misses you.
You barely miss the vampire.
The vampire is lightly damaged.
The vampire hits you.
* * * LOW HITPOINT WARNING * * *
The vampire bites you.
* * * LOW HITPOINT WARNING * * *
The vampire draws strength from your injuries!
You miss the vampire.
The vampire is lightly damaged.
The vampire hits you!
* * * LOW HITPOINT WARNING * * *
The vampire bites you but does no damage.
As you read the scroll of teleportation, it crumbles to dust.
You feel strangely unstable. The vampire hits you!
* * * LOW HITPOINT WARNING * * *
The vampire closely misses you.
Unknown command.
Okay, then.
Okay, then.
Xom asks Qazlal to spice things up a little.
The vampire hits you but does no damage.
The vampire bites you!
You die...
Xom titters!

..# ## #.# #.. #.#
#.# #.# #.# #.# #.#
#.# #.# #<.
##.######## ##..
#§§@.......######...
#§V######.....$.....
#§§§.......§........
#§..§..........#....
#...######..V.......
#...# #.....###..
#...# #....§# ##.
#...# #.#.### #.
#.... ..#.# .


You could see a vampire (agile).

Vanquished Creatures
  A yak (D:5)
  A black bear (D:5)
  An orc warrior (D:6)
  A sky beast (D:5)
  Pargi (D:4)
  An ogre (D:5)
  A phantom (D:7)
  Blork the orc (D:4)
  A bullfrog (D:6)
  A scorpion (D:6)
  A howler monkey (D:6)
  A centaur zombie (D:6)
  3 hounds
  2 jellies (D:5)
  Crazy Yiuf (D:6)
  An orc priest (D:3)
  A centaur skeleton (D:6)
  2 gnoll shamans (D:5)
  Jessica (D:3)
  Natasha (twice) (D:4)
  A bullfrog skeleton (D:6)
  3 iguanas
  3 orc wizards
  A hound zombie (D:5)
  8 gnolls
  2 adders
  An ufetubus (D:5)
  A worm (D:5)
  3 dart slugs
  14 orcs
  6 endoplasms
  4 giant cockroaches
  6 goblins
  5 hobgoblins
  3 jackals (D:1)
  7 kobolds
  2 quokkas
  6 ball pythons
  A bat (D:1)
  A frilled lizard (D:1)
  8 rats
111 creatures vanquished.

Vanquished Creatures (collateral kills)
  Natasha (D:4)
1 creature vanquished.

Vanquished Creatures (others)
  A scorpion (D:5)
  4 toadstools (D:1)
5 creatures vanquished.

Grand Total: 117 creatures vanquished

Notes
Turn   | Place    | Note
-------+----------+-------------------------------------------
     0 | D:1      | spaghetti the Naga Chaos Knight began the quest for the
                  | Orb.
     0 | D:1      | Reached XP level 1. HP: 21/21 MP: 1/1
    58 | D:1      | XOM: smoke on damage
   162 | D:1      | Reached XP level 2. HP: 28/28 MP: 2/2
   172 | D:1      | XOM: potion effect (curing)
   426 | D:1      | XOM: silly message
   596 | D:1      | Reached skill level 4 in Fighting
   651 | D:1      | Reached XP level 3. HP: 32/36 MP: 3/3
   982 | D:2      | XOM is BORED!
   982 | D:2      | Found a blossoming altar of Fedhas.
   982 | D:2      | XOM: 6-stop teleportation journey
  1040 | D:2      | XOM: 4-stop teleportation journey
  1076 | D:2      | XOM: 7-stop teleportation journey
  1431 | D:2      | XOM: torment (20/37 hp)
  1597 | D:3      | XOM: scenery: create altars
  1912 | D:3      | Identified a scroll of acquirement
  1912 | D:3      | Acquired 628 gold pieces
  2025 | D:3      | Reached XP level 4. HP: 32/45 MP: 4/4
  2028 | D:3      | Reached skill level 5 in Fighting
  2258 | D:3      | Noticed Jessica
  2263 | D:3      | XOM: smoke on damage
  2268 | D:3      | Reached XP level 5. HP: 39/52 MP: 5/5
  2275 | D:3      | XOM: chaos upgrade
  2276 | D:3      | Killed Jessica
  2649 | D:3      | XOM is BORED!
  2649 | D:3      | XOM: summons 1 hostile demon
  2827 | D:3      | XOM: 4-stop teleportation journey
  2973 | D:4      | XOM: stealth player
  3018 | D:4      | Noticed Natasha
  3024 | D:4      | Killed Natasha
  3025 | D:4      | Reached skill level 6 in Fighting
  3088 | D:4      | Noticed Pargi
  3098 | D:4      | Killed Pargi
  3099 | D:4      | Reached XP level 6. HP: 38/63 MP: 6/6
  3505 | D:4      | Reached skill level 7 in Fighting
  3516 | D:4      | Noticed Natasha
  3524 | D:4      | Killed Natasha
  3642 | D:4      | Noticed Blork the orc
  3645 | D:4      | XOM: swap monsters
  3654 | D:4      | Killed Blork the orc
  3933 | D:4      | Noticed Natasha
  3940 | D:4      | Killed Natasha
  4058 | D:4      | XOM: god gift: 18 stones
  4416 | D:5      | Entered Level 5 of the Dungeon
  4479 | D:4      | Reached XP level 7. HP: 63/73 MP: 4/7
  4583 | D:5      | XOM: cleaving
  4675 | D:5      | XOM: god gift: 23 stones
  4747 | D:5      | Reached skill level 8 in Fighting
  4768 | D:5      | XOM: polymorph orc wizard -> jelly
  4802 | D:5      | Noticed a yak
  4803 | D:5      | XOM: confuse monster(s)
  4819 | D:5      | Killed a yak
  4827 | D:5      | Reached skill level 9 in Fighting
  4842 | D:5      | XOM: cloud trail
  4961 | D:5      | XOM: enchant monster (good)
  5104 | D:5      | Reached XP level 8. HP: 71/85 MP: 5/8
  5422 | D:5      | XOM: destruction
  5428 | D:5      | Reached skill level 10 in Fighting
  5534 | D:5      | XOM: summons 5 hostile demons
  5725 | D:6      | Found a runed translucent door.
  5726 | D:6      | Noticed Crazy Yiuf
  5884 | D:6      | XOM: swap monsters
  6100 | D:5      | Learned a level 4 spell: Summon Ice Beast
  6103 | D:5      | Found an ornate altar of the Wu Jian Council.
  6506 | D:5      | XOM: summons 2 hostile demons
  6569 | D:6      | Reached skill level 1 in Summonings
  6569 | D:6      | Reached skill level 1 in Ice Magic
  6778 | D:6      | Found a burning altar of Makhleb.
  6853 | D:6      | Found a white marble altar of Elyvilon.
  7050 | D:6      | XOM: 3-stop teleportation journey
  7152 | D:6      | XOM: give mutation
  7152 | D:6      | Gained mutation: You are occasionally teleported next to
                  | monsters. [Xom's mischief]
  7224 | D:6      | XOM: divination: detect items
  7262 | D:6      | XOM: cloud trail
  7309 | D:6      | Lost mutation: You are occasionally teleported next to
                  | monsters. [potion of mutation]
  7309 | D:6      | Gained mutation: Your movements are slightly less
                  | encumbered by armour. (ER -2) [potion of mutation]
  7309 | D:6      | Gained mutation: You are agile. (Dex +2) [potion of
                  | mutation]
  7314 | D:6      | Killed Crazy Yiuf
  7388 | D:7      | Noticed a vampire
  7397 | D:7      | Reached XP level 9. HP: 64/94 MP: 6/9
  7415 | D:7      | HP: 2/94 [vampire (7)]
  7416 | D:7      | XOM: fog
  7417 | D:7      | Slain by a vampire

Illustrated notes

Levels and vault maps discovered:
D:1:      ldierk_walled_garden_2, layout_rooms
D:2:      layout_basic, basic_altar
D:3:      layout_basic, minmay_between, uniq_jessica
D:4:      layout_cave_pods, hangedman_decor_growths, uniq_blork_the_orc,
          uniq_natasha, uniq_pargi
D:5:      kennysheep_six_static_rooms, layout_rooms, marbit_many_paths,
          palyth_stone_intersect, kennysheep_small_circle
D:6:      layout_loops_ring, mainiacjoe_overflow_catwalk_spiral,
          uniq_crazy_yiuf_cottage
D:7:      layout_loops_ring, zin_statuary, mainiacjoe_overflow_alcove_4,
          minmay_temple_entry_glass, hangedman_decor_points,
          minmay_crystal_room, hangedman_decor_lopped

Skill      XL: |  1  2  3  4  5  6  7  8 |
---------------+-------------------------+-----
Fighting       | 4 5 6 7 9 10 | 10.9
Summonings     | 2 |  2.4
Ice Magic      | 2 |  2.3
Long Blades    | |  3.0
Armour         | |  1.5
Dodging        | |  0.7

Action                   |  1- 3 |  4- 6 |  7- 9 || total
-------------------------+-------+-------+-------++-------
Melee: Falchion          |    57 |       |       ||    57
       Rapier            |    37 |   100 |   209 ||   346
       Punch             |       |     1 |     3 ||     4
       Quarterstaff      |       |       |    19 ||    19
 Abil: Spit Poison       |     1 |     5 |       ||     6
  Use: Scroll            |     1 |     4 |     3 ||     8
       Potion            |       |       |     9 ||     9
 Stab: Petrified         |       |       |     1 ||     1
Armor: Leather armour    |    53 |    42 |   117 ||   212
Dodge: Dodged            |    50 |    55 |   141 ||   246
